 Dungeon Crawl Stone Soup version 0.23.2 (webtiles) character file.

Game seed: 5001202734433847583

122 Kairos the Sneak (level 4, 18/22 HPs)
             Began as a Spriggan Enchanter on Apr 9, 2019.
             Quit the game on level 3 of the Dungeon.
             The game lasted 00:02:28 (2858 turns).

Kairos the Sneak (Spriggan Enchanter)               Turns: 2858, Time: 00:02:29

Health: 18/22      AC:  2    Str:  5    XL:     4   Next: 78%
Magic:  9/9        EV: 19    Int: 16    God:
Gold:   115        SH:  0    Dex: 18    Spells: 5/9 levels left

rFire    . . .     SeeInvis +   a - +1 dagger
rCold    . . .     Gourm    .   (shield restricted)
rNeg     . . .     Faith    .   b - +0 robe
rPois    .         Spirit   .   (helmet restricted)
rElec    .         Reflect  .   (no cloak)
rCorr    .         Harm     .   (gloves unavailable)
MR       .....                  (boots unavailable)
Stlth    +++.......             (no amulet)
HPRegen  0.07/turn              c - +2 ring of dexterity
MPRegen  0.11/turn              (no ring)

@: very quick
A: very small, unfitting armour, see invisible, herbivore, speed 3, slow
metabolism 2
a: no special abilities


You were on level 3 of the Dungeon.
You were not hungry.

You visited 1 branch of the dungeon, and saw 3 of its levels.

You collected 115 gold pieces.

Inventory:

Hand Weapons
 a - a +1 dagger (weapon)
Armour
 b - a +0 robe (worn)
Jewellery
 c - a +2 ring of dexterity (left hand)
Scrolls
 e - a scroll of identify {unknown}
 g - 3 scrolls of teleportation
Potions
 f - 3 potions of agility {unknown}
Comestibles
 d - 2 rations


   Skills:
 + Level 1.1 Fighting
 + Level 2.8 Short Blades
 + Level 3.6 Dodging
 + Level 6.1 Stealth
 + Level 3.0 Spellcasting
 + Level 4.0 Hexes


You had 5 spell levels left.
You knew the following spells:

 Your Spells              Type           Power        Failure   Level  Hunger
a - Corona                Hex            ###....      3%          1    #......
b - Confuse               Hex            ###.....     11%         3    ###....

Your spell library contained the following spells:

 Spells                   Type           Power        Failure   Level  Hunger
 Tukima's Dance           Hex            ###.....     11%         3    ###....
 Ensorcelled Hibernation  Hex/Ice        #.....       12%         2    ##.....
 Dazzling Spray           Conj/Hex       #.....       24%         3    ###....


Dungeon Overview and Level Annotations

Branches:
Dungeon (3/15)

Altars:
Kikubaaqudgha


Innate Abilities, Weirdness & Mutations

You are very small and have problems with some larger weapons.
You are too small for most types of armour.
You have supernaturally acute eyesight. (SInv)
You are a herbivore.
You cover ground extremely quickly.
You need to consume almost no food.


Message History

You closely miss the giant cockroach.
The giant cockroach is severely wounded.
The giant cockroach bites you but does no damage.
You hit the giant cockroach.
You kill the giant cockroach!
You feel sick.
You are no longer poisoned.
Things that are here:
a dagger; a giant cockroach corpse You start resting.
You start resting.
You start resting.
A kobold comes into view.
A kobold is nearby!
A kobold is nearby!
Things that are here:
a dagger; a giant cockroach corpse
Things that are here:
a dagger; a giant cockroach corpse Are you sure you want to abandon this character and quit the game? (Confirm with "yes".)

.......# ##8 .8#
#.....#####. ..#
#...รท....#>. .._
#.....##. ?.#
#.....##8 .8#
#.....# #....)#
#### #
#.#######..#######
#@#...............
#.#.######.#######
#.#.# #.## # #.#.#
#..# # #.#.#
#..###### #)#.#
#...#...#
#.#.######........
#.#............#..
#.##########.....#


There were no monsters in sight!

Vanquished Creatures
  A bullfrog zombie (D:3)
  4 adders
  An ooze (D:2)
  A worm (D:2)
  4 dart slugs
  A leopard gecko (D:3)
  2 giant cockroaches
  5 goblins
  A hobgoblin (D:1)
  4 kobolds
  A quokka (D:2)
  6 bats
  3 frilled lizards
  8 rats
42 creatures vanquished.

Notes
Turn   | Place    | Note
-------+----------+-------------------------------------------
     0 | D:1      | Kairos the Spriggan Enchanter began the quest for the Orb.
     0 | D:1      | Reached XP level 1. HP: 9/9 MP: 5/5
    57 | D:1      | Reached XP level 2. HP: 10/13 MP: 6/6
   202 | D:1      | Reached skill level 5 in Stealth
   668 | D:2      | Reached XP level 3. HP: 8/16 MP: 8/8
  1999 | D:2      | Learned a level 3 spell: Confuse
  2131 | D:3      | Reached XP level 4. HP: 18/21 MP: 9/9
  2434 | D:3      | Reached skill level 6 in Stealth
  2442 | D:3      | Found an ancient bone altar of Kikubaaqudgha.
  2612 | D:3      | Reached skill level 1 in Fighting
  2858 | D:3      | Quit the game

Skill      XL: |  1  2  3  4 |
---------------+-------------+-----
Stealth        | 5 6 |  6.1
Spellcasting   | 3 |  3.0
Hexes          | 4 |  4.0
Short Blades   | 2 |  2.8
Fighting       | 1 |  1.1
Dodging        | |  3.6

Action                   |  1- 3 |  4- 6 || total
-------------------------+-------+-------++-------
Melee: Dagger            |   150 |    51 ||   201
 Cast: Confuse           |     1 |       ||     1
  Use: Potion            |     3 |       ||     3
       Scroll            |     2 |       ||     2
 Stab: Sleeping          |    15 |     1 ||    16
Armor: Robe              |     7 |     3 ||    10
Dodge: Dodged            |   114 |    60 ||   174
